 Dungeon Crawl Stone Soup version 0.30.1 (webtiles) character file.

Game seed: 4537426320497017800

41 Sabo the Poker (level 3, 30/30 HPs)
             Began as a Merfolk Monk on July 4, 2023.
             Got out of the dungeon alive.
             The game lasted 00:06:40 (1674 turns).

Sabo the Poker (Merfolk Monk)                       Turns: 1674, Time: 00:06:40

Health: 30/30      AC:  8    Str: 13    XL:     3   Next: 52%
Magic:  3/3        EV:  8    Int:  9    God:
Gold:   17         SH:  0    Dex: 16    Spells: 2/2 levels left

rFire   . . .        a - +0 spear
rCold   . . .        d - orb {light}
rNeg    . . .        g - +0 chain mail
rPois   .            (no helmet)
rElec   .            (no cloak)
rCorr   .            (no gloves)
SInv    .            (no boots)
Will    .....        (no amulet) Stlth
                     (no ring)
HPRegen 0.25/turn    (no ring)
MPRegen 0.08/turn

%: no passive effects
@: glowing
A: (nimble swimmer 2), mertail
a: no special abilities


You escaped.
You visited 1 branch of the dungeon, and saw 1 of its levels.

You collected 17 gold pieces.

Inventory:

Hand Weapons
 a - a +0 spear (weapon)
Armour
 d - an orb of light (worn)
 g - a +0 chain mail (worn)
Scrolls
 e - a scroll of fog
 h - a scroll of enchant armour
Potions
 b - a potion of might {unknown}
 c - a potion of ambrosia
 f - a potion of flight
 k - a potion of lignification


   Skills:
 + Level 3.9 Fighting
 + Level 4.8 Polearms
 + Level 4.6 Dodging


You had 2 spell levels left.
You didn't know any spells.
Your spell library contained the following spells:

 Spells                   Type           Power      Damage    Failure   Level
 Apportation              Tloc           0%         N/A       100%        1
 Necrotise                Necr           0%         1d4       100%        1
 Summon Small Mammal      Summ           0%         N/A       100%        1


Dungeon Overview and Level Annotations

Branches:
Dungeon (1/15)

Altars:


Innate Abilities, Weirdness & Mutations

((You are very nimble when in or above water. (Stealth+, EV+, Speed+++)))
Your lower body shifts to a powerful aquatic tail in water.


Message History

You barely miss the bat. The bat hits you but does no damage.
You hit the bat.
You kill the bat!
l - a scroll labelled JIURPH IXOASIATH You see here a +0 dagger.
As you read the scroll labelled MESAOCI BEUN, it crumbles to dust.
The scroll dissolves into smoke.
It was a scroll of fog.
You start waiting.
Done waiting.
As you read the scroll labelled XOEPNO CUTAR, it crumbles to dust.
It is a scroll of identify.
h - a scroll of enchant armour
As you read the scroll of identify, it crumbles to dust.
j - a scroll of amnesia You drop a scroll of amnesia.
As you read the scroll labelled JIURPH IXOASIATH, it crumbles to dust.
Your body is wracked with pain!
It was a scroll of torment.
You start resting.
HP restored.
It was a potion of flight.
You feel very buoyant.
You fly up into the air.
It was a potion of lignification.
You turn into a tree.
Your +0 chain mail melds into your body.
Your roots penetrate the ground.
You start resting.
Your transformation is almost over.
HP restored.
You feel less wooden.
Your +0 chain mail unmelds from your body.
You see here a +0 club.
Things that are here:
a +0 dagger; a +0 dagger
There is a stone staircase leading down here.
There is a staircase leading out of the dungeon here.
You can't go down here!
Are you sure you want to leave the Dungeon?
This will make you lose the game!
Uppercase [Y]es or [N]o only, please.
Are you sure you want to leave the Dungeon?
This will make you lose the game!
You have escaped!

...#
#...........#######.......#.
...#
#...........#...............
...#
#############.#####.......##
...# ##.####.##.#####.........
#### ##...##.#'#.............##
#.(...'##.#######.......# ##
##...###...###.##....รท..# .#
##'###.....##..........## .#
#.'....@.....#.#.###.#.. .####
##'###.....##.#...# #.#.#
....## ##...###...##......#
#.#.#
###..###.....'##.###.##.#.#
#.#)# ##...##...##.#'#......#.#
#.#.# ###.###.####.##.#.####.#
#.#.. ####.##### ###....####.#
#.###
#.....#######.........#.###.##
#.....##.......#.#...........##


There were no monsters in sight!

Vanquished Creatures
  2 bats (D:1)
  2 endoplasms (D:1)
  5 giant cockroaches (D:1)
  4 goblins (D:1)
  6 hobgoblins (D:1)
  4 quokkas (D:1)
  2 ball pythons (D:1)
  A frilled lizard (D:1)
  3 kobolds (D:1)
  6 rats (D:1)
35 creatures vanquished.

Notes
Turn   | Place    | Note
-------+----------+-------------------------------------------
     0 | D:1      | Sabo the Merfolk Monk began the quest for the Orb.
     0 | D:1      | Reached XP level 1. HP: 18/18 MP: 1/1
   123 | D:1      | Reached XP level 2. HP: 11/24 MP: 2/2
   686 | D:1      | Reached XP level 3. HP: 30/30 MP: 3/3
  1674 | D:$      | Got out of the dungeon alive.

Illustrated notes

Levels and vault maps discovered:
D:1:      dpeg_arrival_rhombi, layout_basic, kennysheep_another_room,
          st_stairs_5, minmay_quantized

Action                     || total
---------------------------++-------
  Melee: Spear             ||   109
    Use: Scroll            ||     4
         Potion            ||     2
 Armour: Robe              ||    14
         Chain mail        ||    35
  Dodge: Dodged            ||    69
